 Dungeon Crawl Stone Soup version bcrawl-1.38.1 (webtiles) character file.

Game seed: 3228061895384212647

172910 Alturiack the Ducker (level 7, -11/50 HPs)
             Began as a Merfolk Hunter on Apr 9, 2023.
             Mangled by Menkaure (18 damage)
             ... on level 4 of the Dungeon.
             The game lasted 00:17:50 (4437 turns).

Alturiack the Ducker (Merfolk Hunter)               Turns: 4437, Time: 00:17:51

Health: -11/50     AC:  7    Str: 12    XL:     7   Next: 28%
Magic:  7/7        EV: 12    Int: 10    God:
Gold:   295        SH:  0    Dex: 18    Spells: 6/6 levels left

rFire    . . .     GDR:     29% w - +0 short sword
rCold    . . .     SeeInvis .   (no shield)
rNeg     . . .     Gourm    .   f - +0 scale mail
rPois    .         Faith    .   m - +0 helmet
rElec    .         Spirit   .   (no cloak)
rCorr    .         Reflect  .   (no gloves)
MR       .....                  (no boots)
Stlth    +.........             (no amulet)
HPRegen  0.18/turn              (no ring)
MPRegen  0.10/turn              (no ring)

@: lethally poisoned (-11 -> -15)
A: change form in water, swift swim, stealthy swim
a: no special abilities


You were on level 4 of the Dungeon.
You were hungry.

You visited 1 branch of the dungeon, and saw 4 of its levels.

You collected 295 gold pieces.

Inventory:

Hand Weapons
 w - a +0 short sword (weapon)
Missiles
 c - 133 javelins (quivered)
 d - 2 throwing nets {=f}
Armour
 b - a +0 leather armour
 f - a +0 scale mail (worn)
 m - a +0 helmet (worn)
 n - a +0 animal skin
Jewellery
 a - an uncursed ring of insulation {unknown}
Scrolls
 g - 2 scrolls of fog {unknown}
 i - 2 scrolls of identify
 k - a scroll of enchant weapon {unknown}
 o - 2 scrolls of remove curse {unknown}
 q - a scroll of fear {unknown}
 s - 3 scrolls of amnesia {unknown}
 t - a scroll of magic mapping {unknown}
Potions
 h - 2 potions of curing {unknown}
 j - 2 potions of berserk rage {unknown}
 l - 2 potions of flight {unknown}
 p - a potion of agility
 r - a potion of heal wounds {unknown}
 u - a potion of degeneration {unknown}
 v - a potion of resistance {unknown}
 x - a potion of mutation {unknown}
 z - a potion of haste {unknown}
 A - 3 potions of lignification {unknown}
Comestibles
 e - 7 rations {!d}


   Skills:
 - Level 2.1 Fighting
 * Level 4.9 Short Blades
 * Level 5.9 Throwing
 * Level 6.2 Dodging
 - Level 1.2 Stealth


You had 6 spell levels left.
You didn't know any spells.
Your spell library was empty.

Dungeon Overview and Level Annotations

Branches:
Dungeon (4/12)
 Temple: D:4-7

Altars:
Ashenzari
Gozag
Makhleb
Qazlal
Xom
The Shining One

Annotations:
D:4 Menkaure


Message History

You throw a javelin. The javelin hits Menkaure.
Menkaure is severely damaged.
You feel sick.
Throwing (i - inventory. (/) - cycle)
c - 136 javelins (quivered)
Press: ? - help, Shift-Dir - straight line, f/p - Menkaure
Aim: Menkaure (severely damaged)
You throw a javelin. The javelin barely misses Menkaure.
You feel sick.
Throwing (i - inventory. (/) - cycle)
c - 135 javelins (quivered)
Press: ? - help, Shift-Dir - straight line, f/p - Menkaure
Aim: Menkaure (severely damaged)
You throw a javelin. The javelin hits Menkaure.
Menkaure is severely damaged.
You feel sick.
Throwing (i - inventory. (/) - cycle)
c - 134 javelins (quivered)
Press: ? - help, Shift-Dir - straight line, f/p - Menkaure
Aim: Menkaure (severely damaged)
You throw a javelin. The javelin hits Menkaure.
Menkaure is almost destroyed.
You feel sick. Menkaure hits you!!
You die...

###.###....##
###......
...###........##
..##...
#.............
###...#
####..........
#.###
#....###..## [..
# #.#..# .. .>.
#. .>.#.#..## .#
.. ..<
.........#.#
###.
...#####@M.# ##
#.# #..5.#
#..#.[#
#..##.... ...#
..). ...# ...
##.. ## ..


You could see Menkaure and a crimson imp.

Vanquished Creatures
  A sky beast (D:4)
  An ogre (D:4)
  A crimson imp (D:4)
  A jelly (D:4)
  3 orc wizards (D:3)
  2 worker ants
  Robin (D:2)
  4 gnolls (D:2)
  3 adders (D:3)
  An adder skeleton (D:4)
  4 worms
  A dart slug (D:2)
  5 leopard geckos
  10 orcs
  A giant cockroach (D:2)
  9 goblins
  11 hobgoblins
  3 quokkas
  2 ball pythons (D:1)
  3 bats
  A frilled lizard (D:1)
  8 kobolds
  5 rats
81 creatures vanquished.

Notes
Turn   | Place    | Note
-------+----------+-------------------------------------------
     0 | D:1      | Alturiack the Merfolk Hunter began the quest for the Orb.
     0 | D:1      | Reached XP level 1. HP: 16/16 MP: 1/1
    72 | D:1      | Reached skill level 3 in Dodging
    94 | D:1      | Reached skill level 1 in Short Blades
    94 | D:1      | Reached XP level 2. HP: 21/22 MP: 2/2
  1148 | D:2      | Reached XP level 3. HP: 8/27 MP: 3/3
  1458 | D:2      | Noticed Robin
  1467 | D:2      | Reached XP level 4. HP: 32/33 MP: 4/4
  1467 | D:2      | Killed Robin
  1468 | D:2      | Reached skill level 4 in Dodging
  1979 | D:2      | Reached XP level 5. HP: 36/38 MP: 5/5
  2026 | D:2      | Found a faded altar of an unknown god.
  2635 | D:3      | Found an opulent altar of Gozag.
  2694 | D:3      | Reached skill level 5 in Throwing
  2696 | D:3      | Found a shattered altar of Ashenzari.
  2796 | D:3      | Found a glowing golden altar of the Shining One.
  2796 | D:3      | Found a faded altar of an unknown god.
  2810 | D:3      | Found a shimmering altar of Xom.
  2812 | D:3      | Found a burning altar of Makhleb.
  2814 | D:3      | Found a faded altar of an unknown god.
  3176 | D:3      | Found a stormy altar of Qazlal.
  3272 | D:3      | Reached skill level 5 in Dodging
  3272 | D:3      | Reached XP level 6. HP: 44/44 MP: 6/6
  4284 | D:4      | Noticed a sky beast
  4291 | D:4      | Killed a sky beast
  4292 | D:4      | Reached skill level 6 in Dodging
  4292 | D:4      | Reached XP level 7. HP: 43/50 MP: 7/7
  4427 | D:4      | Noticed Menkaure
  4437 | D:4      | Mangled by Menkaure

Skill      XL: |  1  2  3  4  5  6 |
---------------+-------------------+-----
Dodging        | 3 4 5 6 |  6.2
Short Blades   | 1 2 3 4 |  4.9
Throwing       | 5 |  5.9
Fighting       | |  2.1
Stealth        | |  1.2

Action                   |  1- 3 |  4- 6 |  7- 9 || total
-------------------------+-------+-------+-------++-------
Melee: Short sword       |    92 |    74 |    30 ||   196
Throw: Javelin           |    13 |    86 |    25 ||   124
  Eat: Chunk             |     1 |     9 |     1 ||    11
       Ration            |     1 |     1 |       ||     2
Armor: Scale mail        |    30 |    44 |    10 ||    84
       Animal skin       |       |     1 |       ||     1
Dodge: Dodged            |    53 |    52 |    17 ||   122
